 Dungeon Crawl Stone Soup version 0.28-a0-1404-g4df0f3684d (webtiles) character file.

Game seed: 1274999734263721312

8164 bande the Cleaver (level 11, -4/60 HPs)
             Began as a Gargoyle Fighter on Jan 6, 2022.
             Was a High Priest of Okawaru.
             Slain by a nine-headed hydra (10 damage)
             ... on level 1 of the Lair of Beasts.
             The game lasted 00:28:32 (13010 turns).

bande the Cleaver (Gargoyle Fighter)               Turns: 13010, Time: 00:28:32

Health: -4/60      AC: 28    Str: 25    XL:     11   Next: 26%
Magic:  15/15      EV:  7    Int: 10    God:    Okawaru [*****.]
Gold:   504        SH:  5    Dex: 13    Spells: 10/10 levels left

rFire   . . .      SeeInvis .   a - +1 war axe (elec)
rCold   . . .      Faith    .   c - +0 buckler
rNeg    + . .      Spirit   .   b - +0 plate armour
rPois   ∞          Reflect  .   l - +1 helmet
rElec   +          Harm     .   (no cloak)
rCorr   .          Rampage  .   (no gloves)
Will    .....                   (no boots)
Stlth   ..........              (no amulet)
HPRegen 0.20/turn               o - +6 ring of strength
MPRegen 0.14/turn               u - +4 ring of protection

@: flying
A: sickness immunity, AC +8, negative energy resistance 1, electricity
resistance, torment resistance 1, petrification resistance, talons 1, frail 1,
wild magic 1
a: Renounce Religion, Heroism, Finesse, Duel


You were on level 1 of the Lair of Beasts.
You worshipped Okawaru.
Okawaru was extremely pleased with you.
You visited 3 branches of the dungeon, and saw 10 of its levels.

You collected 504 gold pieces.

Inventory:

Hand Weapons
 a - a +1 war axe of electrocution (weapon)
 t - a +3 war axe
Missiles
 f - a throwing net (quivered)
Armour
 b - a +0 plate armour (worn)
 c - a +0 buckler (worn)
 l - a +1 helmet (worn)
Jewellery
 o - a +6 ring of strength (left hand)
 r - a ring of magical power
 u - a +4 ring of protection (right hand)
 E - a ring of fire
 F - a +4 ring of protection
Wands
 n - a wand of flame (4)
 p - a wand of iceblast (9)
 y - a wand of mindburst (7)
 D - a wand of polymorph (10)
Scrolls
 m - 4 scrolls of enchant weapon
 s - 2 scrolls of teleportation
 w - a scroll of identify
 A - a scroll of blinking
 C - a scroll of amnesia
Potions
 d - a potion of might
 e - 3 potions of invisibility
 g - 2 potions of haste
 h - 3 potions of brilliance
 i - a potion of lignification {unknown}
 j - 6 potions of curing
 k - a potion of resistance
 q - 2 potions of magic
 z - a potion of degeneration {unknown}
 B - a potion of ambrosia {unknown}


   Skills:
 + Level 7.4 Fighting
 + Level 9.9 Axes
 + Level 8.4 Armour
 + Level 6.3 Shields
 * Level 6.5 Invocations
 * Level 5.3 Evocations


You had 10 spell levels left.
You didn't know any spells.
Your spell library contained the following spells:

 Spells                   Type           Power      Damage    Failure   Level
 Gell's Gravitas          Tloc           0%         N/A       100%        3
 Teleport Other           Tloc           0%         N/A       100%        3
 Borgnjor's Vile Clutch   Necr/Erth      0%         N/A       100%        5
 Dispersal                Tloc           0%         N/A       100%        6
 Storm Form               Tmut/Air       0%         N/A       100%        7
 Maxwell's Capacitive Co  Air            0%         ∞         100%        8
 Animate Dead             Necr           Unusable   N/A       N/A         4
 Summon Lightning Spire   Summ/Air       Unusable   N/A       N/A         4
 Death Channel            Necr           Unusable   N/A       N/A         6

Dungeon Overview and Level Annotations

Branches:
Dungeon (8/15)             Temple (1/1) D:5            Lair (1/6) D:8

Altars:
Ashenzari
Cheibriados
Dithmenos
Elyvilon
Fedhas
Hepliaklqana
Kikubaaqudgha
Makhleb
Nemelex Xobeh
Okawaru
Qazlal
Ru
Sif Muna
Trog
Uskayaw
Wu Jian
Xom
Yredelemnul
The Shining One

Shops:
D:1 (


Innate Abilities, Weirdness & Mutations

You are immune to sickness and miasma.
Your stone body is resilient. (AC +8)
You are immune to poison.
You resist negative energy. (rN+)
You are resistant to electric shocks. (rElec)
You are resistant to unholy torment.
You are immune to petrification.
You have sharp toenails.
You are frail. (-10% HP)
Your spells are a little harder to cast, but a little more powerful.


Message History

The eight-headed hydra is moderately wounded.
The eight-headed hydra bites you but does no damage. x3
The eight-headed hydra bites you.
* * * LOW HITPOINT WARNING * * *
You block the eight-headed hydra's attack. x2
The eight-headed hydra bites you but does no damage. x2
You lop one of the eight-headed hydra's heads off!
The seven-headed hydra grows two more!
You slash the nine-headed hydra! You claw the nine-headed hydra.
The nine-headed hydra is moderately wounded.
The nine-headed hydra bites you but does no damage.
You block the nine-headed hydra's attack.
The nine-headed hydra bites you but does no damage. x2
The nine-headed hydra bites you.
* * * LOW HITPOINT WARNING * * *
The nine-headed hydra bites you!
* * * LOW HITPOINT WARNING * * *
The nine-headed hydra bites you but does no damage. x3
You feel better.
The nine-headed hydra bites you but does no damage. x4
You block the nine-headed hydra's attack. x2
The nine-headed hydra bites you.
* * * LOW HITPOINT WARNING * * *
You block the nine-headed hydra's attack.
The nine-headed hydra bites you but does no damage.
It was a potion of cancellation.
You feel magically purged.
The nine-headed hydra bites you but does no damage.
The nine-headed hydra closely misses you.
The nine-headed hydra bites you but does no damage. x2
You block the nine-headed hydra's attack.
The nine-headed hydra bites you but does no damage. x2
The nine-headed hydra bites you.
* * * LOW HITPOINT WARNING * * *
The nine-headed hydra bites you but does no damage.
It was a potion of flight.
You feel very buoyant.
You fly up into the air.
The nine-headed hydra bites you but does no damage. x2
The nine-headed hydra bites you!
You die...

### ... #.## ##..###
########## .....####
##........# ##........
######.....###.####......#
#..........##..@D......###
##..#......##...##P.[.##
#.###....#.#..######.P#
#.######P###..# #..##
###..# ### #..# ##.#
....## #..# #.# .#.## #...
#.# .### ....^............
..# ...#....=..#.##


You could see a nine-headed hydra.

Vanquished Creatures
  Harold (D:8)
  Pikel (D:7)
  Maggie (D:8)
  Psyche (D:8)
  An unseen horror (D:8)
  Prince Ribbit (D:7)
  11 yaks
  A steam dragon (D:7)
  Grum (D:8)
  Menkaure (D:6)
  3 water moccasins
  Duvessa (D:7)
  2 orc warriors (D:8)
  An ice beast (D:7)
  A necrophage (D:5)
  3 black bears
  2 ogres
  A hornet zombie (D:5)
  4 wolves (D:8)
  3 centaurs
  4 lemures
  7 bullfrogs
  3 wyvern zombies
  2 scorpions
  2 water moccasin zombies (D:5)
  A water moccasin skeleton (D:4)
  Dowan (D:7)
  5 wights
  5 hounds
  4 centaur zombies
  5 bullfrog skeletons
  2 jellies (D:6)
  A centaur skeleton (D:6)
  A gnoll shaman (D:4)
  6 iguanas
  An orc wizard (D:5)
  Natasha (thrice) (D:3)
  A howler monkey zombie (D:5)
  Robin (D:3)
  3 gnolls
  8 adders
  2 shadow imps (D:6)
  3 white imps
  3 dart slugs
  14 orcs
  7 ball pythons
  6 endoplasms
  2 giant cockroaches
  19 goblins
  2 hobgoblins (D:3)
  8 jackals
  A quokka (D:4)
  3 bats
  3 frilled lizards (D:3)
  9 kobolds
  11 rats
200 creatures vanquished.

Vanquished Creatures (others)
  9 fungi (D:8)
  11 plants (D:8)
20 creatures vanquished.

Grand Total: 220 creatures vanquished

Notes
Turn   | Place    | Note
-------+----------+-------------------------------------------
     0 | D:1      | bande the Gargoyle Fighter began the quest for the Orb.
     0 | D:1      | Reached XP level 1. HP: 14/14 MP: 1/1
   375 | D:1      | Reached skill level 2 in Axes
   375 | D:1      | Reached XP level 2. HP: 19/19 MP: 2/2
  1337 | D:1      | Found a faded altar of an unknown god.
  1352 | D:1      | Found Oppuor's Antique Weapon Shop.
  1499 | D:2      | Reached XP level 3. HP: 20/23 MP: 3/3
  3030 | D:3      | Reached XP level 4. HP: 28/28 MP: 4/4
  3051 | D:3      | Noticed Natasha
  3055 | D:3      | Killed Natasha
  3056 | D:3      | Reached skill level 3 in Axes
  3288 | D:3      | Noticed Natasha
  3296 | D:3      | Killed Natasha
  3297 | D:3      | Reached XP level 5. HP: 33/33 MP: 5/5
  3331 | D:3      | Noticed Natasha
  3339 | D:3      | Killed Natasha
  3792 | D:3      | Noticed Robin
  3812 | D:3      | Killed Robin
  4106 | D:4      | Noticed an ogre
  4112 | D:4      | Killed an ogre
  4113 | D:4      | Reached skill level 4 in Axes
  4113 | D:4      | Reached XP level 6. HP: 3/38 MP: 6/6
  4579 | D:4      | Found a hazy altar of Hepliaklqana.
  5010 | D:5      | Entered Level 5 of the Dungeon
  5029 | D:5      | Reached skill level 5 in Armour
  5077 | D:4      | Reached XP level 7. HP: 12/43 MP: 7/7
  5362 | D:4      | Reached skill level 5 in Axes
  5750 | D:5      | Found a staircase to the Ecumenical Temple.
  5764 | Temple   | Entered the Ecumenical Temple
  6077 | Temple   | Became a worshipper of Warmaster Okawaru
  6253 | D:5      | Reached skill level 1 in Invocations
  6287 | D:5      | Reached XP level 8. HP: 46/48 MP: 8/8
  6323 | D:5      | Reached skill level 1 in Evocations
  6437 | D:5      | Reached skill level 6 in Axes
  6784 | D:5      | Reached * piety under Okawaru
  7247 | D:6      | Reached skill level 5 in Fighting
  7480 | D:6      | Reached XP level 9. HP: 51/54 MP: 11/11
  7496 | D:6      | Reached skill level 7 in Axes
  7630 | D:6      | Reached ** piety under Okawaru
  7981 | D:6      | Reached skill level 5 in Shields
  8075 | D:7      | Noticed Pikel
  8700 | D:7      | Killed Pikel
  8700 | D:7      | Reached *** piety under Okawaru
  8701 | D:7      | Reached skill level 8 in Axes
  9474 | D:7      | Reached XP level 10. HP: 56/60 MP: 13/13
  9497 | D:7      | Noticed Prince Ribbit
  9519 | D:7      | Killed Prince Ribbit
  9699 | D:7      | Found a burning altar of Makhleb.
  9717 | D:7      | Noticed Menkaure
  9717 | D:7      | Noticed Duvessa
  9721 | D:7      | Noticed Dowan
  9759 | D:6      | Killed Menkaure
 10152 | D:7      | Killed Duvessa
 10153 | D:7      | Reached skill level 5 in Invocations
 10153 | D:7      | Killed Dowan
 10377 | D:8      | Reached **** piety under Okawaru
 10385 | D:8      | Noticed Psyche
 10391 | D:8      | Killed Psyche
 10586 | D:8      | Reached skill level 9 in Axes
 10638 | D:8      | Killed an unseen horror
 10794 | D:8      | Gained mutation: Your spells are a little harder to cast,
                  | but a little more powerful. [potion of mutation]
 10794 | D:8      | Gained mutation: You are frail. (-10% HP) [potion of
                  | mutation]
 10794 | D:8      | Gained mutation: You have sharp toenails. [potion of
                  | mutation]
 11087 | D:8      | Noticed Harold
 11102 | D:8      | Killed Harold
 11102 | D:8      | Reached ***** piety under Okawaru
 11114 | D:8      | Noticed Maggie
 11126 | D:8      | Killed Maggie
 11126 | D:8      | Received a gift from Okawaru
 11305 | D:8      | Noticed Grum
 11313 | D:8      | Reached skill level 5 in Evocations
 11313 | D:8      | Reached XP level 11. HP: 58/60 MP: 15/15
 11726 | D:8      | Killed Grum
 11944 | D:8      | HP: 1/60 [yak (9)]
 12474 | D:8      | Found a staircase to the Lair.
 12922 | Lair:1   | Entered Level 1 of the Lair of Beasts
 12989 | Lair:1   | Noticed a seven-headed hydra
 13007 | Lair:1   | HP: 1/60 [nine-headed hydra (8)]
 13010 | Lair:1   | Slain by a nine-headed hydra

Illustrated notes

Levels and vault maps discovered:
D:1:      minmay_arrival_stair_chambers, layout_loops_corners,
          ebering_ecumenical_altar_sacrificial, serial_shops, shop,
          minivault_19, minmay_tetromino_l2
D:2:      layout_loops_corners, minivault_5
D:3:      kennysheep_goblin_castle, layout_loops_cross, uniq_natasha
D:4:      layout_rooms, nzn_hepliaklqana_mist_gate,
          nicolae_concentric_dashed_squares_mild, nicolae_figureground_pulse
D:5:      layout_loops_corners, minmay_temple_entry_butterflies
D:6:      minmay_thinvault, layout_rooms
D:7:      layout_cave_pools, mainiacjoe_overflow_alcove_2, uniq_menkaure,
          uniq_pikel, uniq_duvessa, uniq_prince_ribbit1
D:8:      layout_basic, grunt_lair_entry_orc_guard_hut, uniq_maggie,
          uniq_harold, uniq_psyche, uniq_grum
Temple:   mainiacjoe_temple_cubbyholes
Lair:1:   layout_loops_ring, uniq_urug

Skill      XL: |  1  2  3  4  5  6  7  8  9 10 |
---------------+-------------------------------+-----
Axes           | 2 3 4 5 6 8 9 |  9.9
Armour         | 4 5 6 7 8 |  8.4
Fighting       | 4 5 6 7 |  7.4
Shields        | 4 5 6 |  6.3
Invocations    | 1 3 4 6 |  6.5
Evocations     | 2 3 5 |  5.3

Action                   |  1- 3 |  4- 6 |  7- 9 | 10-12 || total
-------------------------+-------+-------+-------+-------++-------
Melee: War axe           |    98 |   108 |   277 |   174 ||   657
       Kick              |       |       |       |    30 ||    30
Evoke: Wand              |       |       |       |     4 ||     4
  Use: Scroll            |     5 |     1 |     6 |     7 ||    19
       Potion            |       |       |       |     4 ||     4
Armor: Scale mail        |    55 |    71 |   198 |    58 ||   382
       Plate armour      |       |       |       |   186 ||   186
Dodge: Dodged            |    41 |    61 |   126 |    89 ||   317
Block: Buckler           |    17 |    24 |    84 |    75 ||   200

Table legend: (Time is in decaauts)
 A = Elapsed time spent in this place.
 B = Non-inter-level travel time spent in this place.
 C = Inter-level travel time spent in this place.
 D = Time resting spent in this place.
 E = Time spent auto-exploring this place.
 F = Levels seen in this place.
 G = Mean time per level.
                   A        B        C        D        E       F      G
               +--------+--------+--------+--------+--------+-----+--------+
         Total |  13204 |  12996 |    208 |   4630 |   6025 |  10 | 1320.4 |
       Dungeon |  12752 |  12562 |    190 |   4630 |   5646 |   8 | 1594.0 |
        Temple |    363 |    345 |     18 |      0 |    319 |   1 |  363.0 |
          Lair |     88 |     88 |      0 |      0 |     60 |   1 |   88.0 |
               +--------+--------+--------+--------+--------+-----+--------+

Top non-repeatable levels by time:
     D:8: 2533 daAuts
     D:6: 2419 daAuts
     D:1: 1513 daAuts
     D:2: 1379 daAuts
     D:3: 1282 daAuts
     D:5: 1254 daAuts
     D:4: 1236 daAuts
     D:7: 1132 daAuts
  Temple: 363 daAuts
  Lair:1: 88 daAuts
